 Dungeon Crawl Stone Soup version 0.29.0-11-gd7f09526c8 (webtiles) character file.

Game seed: 10748502971433425033

84 brainsironically the Chopper (level 4, 0/33 HPs)
             Began as a Human Berserker on Sept 5, 2022.
             Was a Believer of Trog.
             Slain by an ogre
             ... wielding a +0 giant spiked club
              (8 damage)
             ... on level 4 of the Dungeon on Sept 6, 2022.
             The game lasted 00:17:19 (2747 turns).

brainsironically the Chopper (Human Berserker)      Turns: 2747, Time: 00:17:19

Health: 0/33       AC:  3    Str: 27    XL:     4   Next: 72%
Magic:  4/4        EV: 12    Int:  7    God:    Trog [**....]
Gold:   158        SH:  0    Dex: 13    Spells: 3/3 levels left

rFire   x . .      SeeInvis +   I - +7 long sword "Dinoti" {speed, rF- Str+4 SInv Stlth+}
rCold   . . .      Faith    .   (no shield)
rNeg    . . .      Spirit   .   D - +1 robe of Compassion {Str+4}
rPois   .          Reflect  .   (no helmet)
rElec   .          Harm     .   (no cloak)
rCorr   .          Rampage  .   (no gloves)
Will    .....                   (no boots)
Stlth   +++.......              (no amulet)
HPRegen 0.11/turn               (no ring)
MPRegen 0.09/turn               (no ring)

@: no status effects
A: frail 1, passive freeze
a: Renounce Religion, Berserk, Trog's Hand


You were on level 4 of the Dungeon.
You worshipped Trog.
Trog was pleased with you.
You visited 1 branch of the dungeon, and saw 4 of its levels.

You collected 158 gold pieces.

Inventory:

Hand Weapons
 a - a +0 hand axe
 f - a +0 whip
 g - a +0 dagger
 i - a +0 vorpal hand axe
 j - a +0 dagger
 k - a +0 dagger
 p - a +0 club
 t - a +0 sling
 u - a +0 whip
 w - a +0 short sword
 z - a +0 hand axe
 A - a +0 club
 B - a +0 whip
 E - a +0 short sword
 H - a +0 club
 I - the +7 long sword "Dinoti" (weapon) {speed, rF- Str+4 SInv Stlth+}
   (You found it on level 3 of the Dungeon)

   Attacks with this weapon are significantly faster.
   Str:       It affects your strength (+4).
   rF:        It makes you vulnerable to fire.
   SInv:      It lets you see invisible.
   Stlth:     It makes you more stealthy.
 J - a +0 dagger
 K - a +0 spear
 L - a +0 dagger
Missiles
 d - 4 javelins (quivered)
 h - 20 stones
 m - 2 poisoned darts
 y - 2 throwing nets
Armour
 b - a +0 animal skin
 c - a +0 robe
 l - a +0 ring mail
 n - a +0 leather armour
 r - a +0 ring mail
 s - a +0 robe
 D - the +1 robe of Compassion (worn) {Str+4}
   (You found it on level 2 of the Dungeon)

   Str:       It affects your strength (+4).
 M - a +0 leather armour
Magical Staves
 F - a staff of cold
Scrolls
 x - a scroll of fear
 C - a scroll of poison
 G - a scroll of vulnerability
Potions
 e - a potion of mutation
 o - a potion of lignification {unknown}
 q - 2 potions of flight {unknown}
 v - a potion of haste {unknown}


   Skills:
 + Level 3.7 Fighting
 + Level 4.0 Axes
 + Level 2.2 Armour
 + Level 2.4 Dodging
 + Level 0.9 Stealth


You had 3 spell levels left.
You didn't know any spells.
Your spell library contained the following spells:

 Spells                   Type           Power      Damage    Failure   Level
 Gell's Gravitas          Tloc           0%         N/A       80%         3
 Ignite Poison            Fire/Tmut/Pois 0%         N/A       80%         3
 Lesser Beckoning         Tloc           0%         N/A       80%         3
 Mephitic Cloud           Conj/Pois/Air  0%         N/A       80%         3
 Teleport Other           Tloc           0%         N/A       80%         3
 Freezing Cloud           Conj/Ice/Air   0%         6-21      100%        5


Dungeon Overview and Level Annotations

Branches:
Dungeon (4/15)
 Temple: D:4-7

Altars:
Hepliaklqana


Innate Abilities, Weirdness & Mutations

You are frail. (-10% HP)
A frigid envelope surrounds you and freezes all who hurt you.


Message History

Found a stone staircase leading down.
You see here a +0 leather armour.
M - a +0 leather armour You feel a little less mighty now.
Found 16 gold pieces.
A quokka comes into view.
Found a scroll labelled VAKOLA KI ZYOS and a silvery potion.
An ogre comes into view. It is wielding a +0 giant spiked club.
You see here 16 gold pieces.
You hit the quokka but do no damage. The quokka barely misses you. x2
You slash the quokka!
You kill the quokka!
Trog accepts your kill.
You see here a quokka corpse.
You slash the ogre!
The ogre is heavily wounded.
The ogre hits you with a +0 giant spiked club.
The ogre is very cold.
The ogre is severely wounded.
You barely miss the ogre.
The ogre is severely wounded.
The ogre hits you with a +0 giant spiked club!!
Ouch! That really hurt!
* * * LOW HITPOINT WARNING * * *
The ogre is very cold.
The ogre is severely wounded.
You barely miss the ogre.
The ogre is severely wounded.
You completely miss the ogre.
The ogre is severely wounded.
The ogre closely misses you.
You hit the ogre.
The ogre is almost dead.
You barely miss the ogre.
The ogre is almost dead.
The ogre closely misses you.
You barely miss the ogre.
The ogre is almost dead.
The ogre hits you with a +0 giant spiked club!
You die...

#..........##..##..
#....#.............
#.........###......
#...##.............
#...##...####....#.
#..................
#....#...#.##.....#
#.$..#.........<..#
#.@..###..........#
#.?O.# #..###.###.
#!...# #..# .#
....... ..#
#..........+
#..........#
#..........
#..........


You could see an ogre.

Vanquished Creatures
  2 adders (D:2)
  An ufetubus (D:4)
  2 dart slugs (D:1)
  4 bats
  7 endoplasms
  A giant cockroach (D:2)
  4 goblins
  4 hobgoblins
  3 jackals (D:4)
  3 quokkas
  7 ball pythons
  3 frilled lizards (D:1)
  6 kobolds
  4 rats
51 creatures vanquished.

Notes
Turn   | Place    | Note
-------+----------+-------------------------------------------
     0 | D:1      | brainsironically the Human Berserker began the quest for
                  | the Orb.
     0 | D:1      | Reached XP level 1. HP: 18/18 MP: 1/1
    14 | D:1      | Noticed an electric eel
    15 | D:1      | Noticed an electric eel
   182 | D:1      | Reached XP level 2. HP: 24/24 MP: 2/2
   779 | D:1      | Reached XP level 3. HP: 29/29 MP: 3/3
  1664 | D:2      | Identified the +1 robe of Compassion {Str+4}
  1675 | D:2      | Reached ** piety under Trog
  2080 | D:2      | Reached XP level 4. HP: 23/36 MP: 4/4
  2551 | D:3      | Identified the +7 long sword "Dinoti" {speed, rF- Str+4
                  | SInv Stlth+}
  2650 | D:3      | You fall into a shaft and drop 1 floor!
  2652 | D:4      | Gained mutation: A frigid envelope surrounds you and
                  | freezes all who hurt you. [potion of mutation]
  2652 | D:4      | Gained mutation: You are frail. (-10% HP) [potion of
                  | mutation]
  2694 | D:4      | Found a hazy altar of Hepliaklqana.
  2697 | D:4      | Reached skill level 4 in Axes
  2735 | D:4      | Noticed an ogre
  2747 | D:4      | Slain by an ogre

Illustrated notes

Levels and vault maps discovered:
D:1:      arrival_aquarium_b, layout_basic
D:2:      layout_basic
D:3:      layout_loops_ring, dreamdust_ecumenical_altar_grove, serial_shops,
          nicolae_shop_advertising_works [nicolae_subvault_shop_adworks],
          serial_glass, glass_columns_c, glass_columns_a
D:4:      layout_basic, overflow_temple_1_default,
          minmay_temple_entry_sparse_star, amethyst_killhole

Skill      XL: |  1  2  3  4 |
---------------+-------------+-----
Axes           | 4 |  4.0
Fighting       | |  3.7
Armour         | |  2.2
Dodging        | |  2.4
Stealth        | |  0.9

Action                   |  1- 3 |  4- 6 || total
-------------------------+-------+-------++-------
Melee: Hand axe          |   112 |    20 ||   132
       Long sword        |       |    14 ||    14
  Use: Scroll            |     3 |     1 ||     4
       Potion            |       |     2 ||     2
 Stab: Sleeping          |     3 |     1 ||     4
Armor: Robe              |    15 |     6 ||    21
Dodge: Dodged            |    74 |    23 ||    97
